 Dungeon Sprint DCSS version 0.18-a0-1323-g706dcef (webtiles) character file.

1278 Kidiri the Covert (level 8, 0/42 HPs)
             Began as a Spriggan Enchanter on Feb 15, 2016.
             Shot with a bolt by a yaktaur captain (42 damage)
             ... in the Dungeon (Sprint II: "The Violet Keep of Menkaure").
             The game lasted 00:04:39 (801 turns).

Kidiri the Covert (Spriggan Enchanter)               Turns: 801, Time: 00:04:39

Health: 0/42       AC:  2    Str:  4    XL:     8   Next: 29%
Magic:  14/22      EV: 26    Int: 17    God:
Gold:   972        SH:  0    Dex: 16    Spells: 5 memorised, 14 levels left

rFire  . . .     SeeInvis +     a - +1 dagger
rCold  . . .     Gourm    .     b - +1 robe
rNeg   . . .     Faith    .     (shield restricted)
rPois  +         Spirit   .     (helmet restricted)
rElec  .         Dismiss  .     (no cloak)
rCorr  .         Reflect  .     (gloves unavailable)
SustAt .         Harm     .     (boots unavailable)
MR     +....     NoTele   +     (no amulet)
Stlth  +++.......               (no ring)
                                (no ring)

@: very quick, somewhat resistant to hostile enchantments, fairly stealthy
A: unfitting armour, see invisible, clumsy 1, deformed body, deterioration 1,
herbivore 3, speed 3, poison resistance, slow metabolism 2
a: no special abilities


You were in the Dungeon.
You were not hungry.

You visited 1 branch You collected 972 gold pieces.

Inventory:

Hand Weapons
 a - a +1 dagger (weapon)
Armour
 b - a +1 robe (worn)
Scrolls
 j - a scroll of blinking
Potions
 g - a potion of haste
 h - 2 potions of magic
Books
 c - a book of Maledictions

   Spells                             Type                      Level
   a - Corona                         Hexes                        1
   b - Ensorcelled Hibernation        Hexes/Ice                    2
   c - Confuse                        Hexes                        3
   d - Tukima's Dance                 Hexes                        3
   e - Dazzling Spray                 Conjuration/Hexes            3
Comestibles
 d - a bread ration


   Skills:
 + Level 4.3 Fighting
 * Level 8.5 Short Blades
 + Level 4.0 Armour
 * Level 11.0 Dodging
 * Level 12.3 Stealth
 * Level 9.6 Spellcasting
 + Level 2.0 Conjurations
 + Level 7.5 Hexes
 + Level 2.1 Ice Magic


You had 14 spell levels left.
You knew the following spells:

 Your Spells              Type           Power        Failure   Level  Hunger
a - Corona                Hex            ####...      1%          1    None
b - Ensorcelled Hibernat  Hex/Ice        ###...       1%          2    None
c - Confuse               Hex            ####....     1%          3    None
d - Tukima's Dance        Hex            ####....     1%          3    None
e - Dazzling Spray        Conj/Hex       ###.....     4%          3    None


Dungeon Overview and Level Annotations

Branches:
Dungeon (1/1)

Altars:

Shops:
D =(}[(%}==[?!!:%

Annotations:
D Kirke


Innate Abilities, Weirdness & Mutations

You are tiny and cannot use many weapons and most armour.
You have supernaturally acute eyesight.
You are an herbivore.
You cover ground extremely quickly.
You need consume almost no food.
You are clumsy. (Dex -2)
Armour fits poorly on your strangely shaped body.
Your body sometimes deteriorates upon taking damage.
Your system is resistant to poisons.


Message History

Confirm with . or Enter, or press ? or * to list all spells.
Aiming: Confuse
Press: ? - help, Shift-Dir - straight line, f/p - yaktaur captain
Aim: a yaktaur captain (chance to defeat MR: 27%)
The yaktaur captain easily resists.
The yaktaur captain completely misses you.
Unknown command.
Casting: Confuse
Confirm with . or Enter, or press ? or * to list all spells.
Aiming: Dazzling Spray
Press: ? - help, Shift-Dir - straight line, f/p - yaktaur captain
Aim: a yaktaur captain The spray of energy hits the yaktaur captain.
The yaktaur captain is lightly wounded.
The yaktaur captain barely misses you.
Unknown command.
The yaktaur captain wields an arbalest.
The yaktaur captain shoots a bolt.
The bolt hits you!!!
Ouch! That really hurt!
You die...

cK.≈## §§.§
########≈≈#+++#+++##
#######≈≈≈.........#
...∩.∩#≈≈≈≈.##+##..#
..∩.∩.#≈≈≈≈##...##
.∩.∩..#≈≈≈≈#..#..#
∩.∩...#c@####..)####
.∩....#≈##.###+###%##
∩.∩...#@##..##.##...#
.∩.∩..+≈'.##+.<.'##.+
..∩.∩.#≈##..##.##...#
▓▓▓▓###≈##.###'###%##
Y######≈≈####...####
$ ##≈ #..##.# +#
####.## +##


You could see Kirke (invisible), a yaktaur captain and a yak (sleeping).

Vanquished Creatures
  4 neqoxecs (D)
  Menkaure (D)
  4 necrophages (D)
  4 worker ants (D)
13 creatures vanquished.

Vanquished Creatures (collateral kills)
  A siren (D)
1 creature vanquished.

Vanquished Creatures (others)
  A crocodile (D)
1 creature vanquished.

Grand Total: 15 creatures vanquished

Notes
Turn   | Place    | Note
--------------------------------------------------------------
     0 | D        | Kidiri the Spriggan Enchanter began the quest for the Orb.
     0 | D        | Reached XP level 1. HP: 9/9 MP: 5/5
     1 | D        | Noticed a worker ant
     1 | D        | Noticed a worker ant
     1 | D        | Noticed a worker ant
     1 | D        | Noticed a worker ant
     4 | D        | Noticed a neqoxec
     4 | D        | Noticed a neqoxec
     4 | D        | Noticed a neqoxec
     4 | D        | Noticed a neqoxec
     6 | D        | Noticed an iron imp
     6 | D        | Noticed a quasit
     6 | D        | Gained mutation: Your system is resistant to poisons. [a neqoxec]
    11 | D        | Killed a neqoxec
    11 | D        | Reached skill level 1 in Armour
    11 | D        | Reached skill level 6 in Dodging
    11 | D        | Reached skill level 7 in Stealth
    11 | D        | Reached skill level 5 in Spellcasting
    11 | D        | Reached skill level 5 in Hexes
    11 | D        | Reached XP level 2. HP: 15/15 MP: 5/9
    11 | D        | Reached XP level 3. HP: 18/18 MP: 6/11
    11 | D        | Reached XP level 4. HP: 23/23 MP: 6/12
    19 | D        | Killed a neqoxec
    19 | D        | Reached skill level 5 in Short Blades
    19 | D        | Reached skill level 9 in Stealth
    19 | D        | Reached XP level 5. HP: 28/28 MP: 6/15
    30 | D        | Killed a neqoxec
    30 | D        | Reached skill level 10 in Stealth
    30 | D        | Reached XP level 6. HP: 24/32 MP: 7/17
    45 | D        | Gained mutation: Armour fits poorly on your strangely shaped body. [a neqoxec]
    46 | D        | Gained mutation: Potions and wands are less effective at restoring your health. [a neqoxec]
    66 | D        | Gained mutation: You are clumsy. (Dex -2) [a neqoxec]
    89 | D        | Gained mutation: Your body sometimes deteriorates upon taking damage. [a neqoxec]
    92 | D        | Lost mutation: Potions and wands are less effective at restoring your health. [a neqoxec]
    98 | D        | Killed a neqoxec
   106 | D        | Learned a level 3 spell: Confuse
   110 | D        | Learned a level 3 spell: Tukima's Dance
   113 | D        | Learned a level 2 spell: Ensorcelled Hibernation
   117 | D        | Learned a level 3 spell: Dazzling Spray
   306 | D        | Reached XP level 7. HP: 35/37 MP: 14/19
   487 | D        | Reached skill level 11 in Stealth
   526 | D        | Noticed a siren
   532 | D        | Reached skill level 10 in Dodging
   532 | D        | Reached skill level 1 in Conjurations
   532 | D        | Reached skill level 1 in Ice Magic
   663 | D        | Killed a siren
   663 | D        | Reached skill level 12 in Stealth
   663 | D        | Reached XP level 8. HP: 42/42 MP: 3/22
   773 | D        | Noticed an ice statue
   775 | D        | Noticed Menkaure
   776 | D        | Found Ulu Tol's Food Shoppe.
   776 | D        | Noticed Kirke
   777 | D        | Noticed a kobold demonologist
   777 | D        | Noticed a yaktaur captain
   777 | D        | Killed Menkaure
   793 | D        | Found Guresk's Book Emporium.
   793 | D        | Found Gishad's Jewellery Shoppe.
   793 | D        | Found Qooph's Jewellery Emporium.
   793 | D        | Found Teivef's Gadget Shoppe.
   793 | D        | Found Jiecsueg's Magic Scroll Shoppe.
   793 | D        | Found Derobog's Food Emporium.
   794 | D        | Found Qaz Quel's Antique Armour Shoppe.
   794 | D        | Found Jeskutug's Gadget Emporium.
   794 | D        | Found Peun Ihi's Distillery.
   794 | D        | Found Tomeh's Antique Armour Emporium.
   795 | D        | Found Jullos's Antique Weapon Shoppe.
   795 | D        | Found Pohon's Jewellery Emporium.
   796 | D        | Found Ibautous's Distillery.
   796 | D        | Found Noivof's Antique Weapon Emporium.
   801 | D        | Shot with a bolt by a yaktaur captain

Vault maps used:
D:        the_violet_keep_of_menkaure

Action                   |  1- 3 |  4- 6 |  7- 9 || total
-------------------------+-------+-------+-------++-------
Melee: Dagger            |     5 |    76 |    45 ||   126
 Cast: Corona            |       |    10 |     1 ||    11
       Ensorcelled Hiber |       |     2 |    12 ||    14
       Confuse           |       |       |     6 ||     6
       Tukima's Dance    |       |       |     3 ||     3
       Dazzling Spray    |       |       |     2 ||     2
  Use: Potion            |     1 |     2 |       ||     3
 Stab: Sleeping          |       |     1 |     6 ||     7
       Confused          |       |       |     2 ||     2
